 Dungeon Crawl Stone Soup version 0.31-a0-931-g7b59d4eb97 (webtiles) character file.

Game seed: 7276699671079237099

132 pokeman the Magician (level 4, 0/25 HPs)
             Began as a Deep Elf Hedge Wizard on Oct 20, 2023.
             Slain by an orc
             ... wielding a +0 mace
              (8 damage)
             ... on level 3 of the Dungeon.
             The game lasted 00:03:22 (2007 turns).

pokeman the Magician (Deep Elf Hedge Wizard)        Turns: 2007, Time: 00:03:23

Health: 0/25       AC:  3    Str:  7    XL:     4   Next: 92%
Magic:  3/13       EV: 12    Int: 21    God:
Gold:   111        SH:  0    Dex: 14    Spells: 3/14 levels left

rFire   . . .        m - +2 short sword (drain)
rCold   . . .        (no shield)
rNeg    . . .        b - +0 robe
rPois   .            e - +0 helmet
rElec   .            (no cloak)
rCorr   .            (no gloves)
SInv    .            (no boots)
Will    .....        (no amulet)
Stlth   ++           (no ring)
HPRegen 0.24/turn    (no ring)
MPRegen 0.13/turn

%: no passive effects
@: very slightly contaminated
A: no striking features
a: no special abilities


You were on level 3 of the Dungeon.
You visited 1 branch of the dungeon, and saw 3 of its levels.

You collected 111 gold pieces.

Inventory:

Hand Weapons
 m - a +2 short sword of draining (weapon)
Armour
 b - a +0 robe (worn)
 e - a +0 helmet (worn)
Scrolls
 a - a scroll of torment {unknown}
 c - a scroll of blinking {unknown}
 h - a scroll of noise {unknown}
 l - a scroll of acquirement {unknown}
 n - 3 scrolls of identify {unknown}
Potions
 d - a potion of magic
 f - 2 potions of attraction {unknown}
 g - 3 potions of might {unknown}
 i - a potion of resistance {unknown}
 j - a potion of lignification {unknown}
 k - 2 potions of heal wounds {unknown}


   Skills:
 - Level 1.1 Fighting
 - Level 1.1 Armour
 + Level 2.8 Dodging
 + Level 2.9 Stealth
 * Level 5.9 Spellcasting
 + Level 2.4 Conjurations
 - Level 1.1 Summonings
 - Level 1.1 Translocations


You had 3 spell levels left.
You knew the following spells:

 Your Spells              Type           Power      Damage    Failure   Level
a - Magic Dart            Conj           64%        1d6       3%          1
b - Mephitic Cloud        Conj/Pois/Air  9%         N/A       22%         3
c - Call Imp              Summ           20%        N/A       10%         2
d - Blink                 Tloc           20%        N/A       10%         2
e - Ignite Poison         Fire/Tmut/Pois 6%         N/A       30%         3

Your spell library contained the following spells:

 Spells                   Type           Power      Damage    Failure   Level
 Slow                     Hex            24%        N/A       10%         1
 Cigotuvi's Dreadful Rot  Necr/Pois/Air  12%        N/A       16%         2
 Sticky Flame             Conj/Fire      11%        2d3       52%         4
 Ignition                 Fire           3%         3d4       100%        8


Dungeon Overview and Level Annotations

Branches:
Dungeon (3/15)

Altars:


Message History

The stinking cloud engulfs you but does no damage.
You are engulfed in noxious fumes.
You choke on the stench!
You are confused.
You hear an angry hiss.
You hear a shout!
The orc priest is engulfed in noxious fumes.
The orc priest calls down the wrath of Beogh upon you.
Pain shoots through your body!
Unknown command.
You feel less confused.
The orc priest is engulfed in noxious fumes.
The orc priest appears confused.
Unknown command.
You strike the helpless orc priest from behind!
You puncture the orc priest! You drain the orc priest.
You kill the orc priest!
Unknown command.
Casting: Mephitic Cloud (extremely dangerous; 22% risk of failure)
Confirm with . or Enter, or press ? or * to list all spells.
Aiming: Magic Dart (safe; 3% risk of failure)
Press: ? - help, Shift-Dir - straight line, f - orc
Aim: an orc, wielding a +0 mace (100% to hit)
The magic dart hits the orc.
The orc is almost dead.
Unknown command.
A frilled lizard comes into view.
The gnoll throws a stone.
The stone hits you. The orc closely misses you.
The orc attacks as it pursues you! The orc hits you with a +0 mace.
* * * LOW HITPOINT WARNING * * *
Casting: Magic Dart (safe; 3% risk of failure)
Confirm with . or Enter, or press ? or * to list all spells.
You miscast Call Imp.
You are very lightly contaminated with residual magic.
Nothing appears to happen.
The orc closely misses you.
Unknown command.
Casting: Call Imp (safe; 10% risk of failure)
Confirm with . or Enter, or press ? or * to list all spells.
A tiny devil pulls itself out of the air.
The orc hits you with a +0 mace!
You die...

##.#........... .....
#.#........... #...# #
#........... #..g#
#........... ..o...#...#
###.###..... . .o.#.#...# #.#
#..... .. ....#...# #.# ######
..o ..o#...######.# #.# ....
.o#...lo@.5..# #.#
.#...#.#).o######## #.########
.......#)......## #......)).
................. ##########
##...####..####### ....... ...
#........#############
#.#.#####.######.#............
.........######.#.###########
.#.#####........#.#


You could see an orc priest, an orc (ally target), a frilled lizard and a
friendly cerulean imp (summoned).

Vanquished Creatures
  2 orc priests (D:3)
  An orc wizard (D:3)
  4 orcs (D:3)
  4 ball pythons
  3 endoplasms
  2 giant cockroaches
  3 goblins (D:1)
  4 hobgoblins
  5 quokkas (D:1)
  2 bats
  4 frilled lizards (D:1)
  3 kobolds
  5 rats
42 creatures vanquished.

Notes
Turn   | Place    | Note
-------+----------+-------------------------------------------
     0 | D:1      | pokeman the Deep Elf Hedge Wizard began the quest for the
                  | Orb.
     0 | D:1      | Reached XP level 1. HP: 10/10 MP: 7/7
   260 | D:1      | Reached XP level 2. HP: 15/15 MP: 0/9
   679 | D:1      | Reached skill level 5 in Spellcasting
   873 | D:1      | Reached XP level 3. HP: 20/20 MP: 7/11
   877 | D:1      | Learned a level 3 spell: Mephitic Cloud
   880 | D:1      | Learned a level 2 spell: Call Imp
   883 | D:1      | Learned a level 2 spell: Blink
  1287 | D:2      | Learned a level 3 spell: Ignite Poison
  1664 | D:3      | HP: 1/20 [gnoll/+0 spear (3)]
  1782 | D:3      | Reached skill level 1 in Fighting
  1782 | D:3      | Reached skill level 1 in Armour
  1793 | D:3      | Reached XP level 4. HP: 22/25 MP: 8/13
  2007 | D:3      | Slain by an orc

Illustrated notes

Levels and vault maps discovered:
D:1:      dpeg_arrival_short_road, layout_basic, chequers_mini_garden,
          serial_bayou_pond_b, minmay_cupped
D:2:      layout_rooms
D:3:      cheibrodos_pilgrimage, layout_basic, overflow_temple_1_default,
          minmay_starry_boxes

Skill      XL: |  1  2  3 |
---------------+----------+-----
Spellcasting   | 5 |  5.9
Fighting       | 1 |  1.1
Armour         | 1 |  1.1
Conjurations   | 2 |  2.4
Dodging        | |  2.8
Stealth        | |  2.9
Summonings     | |  1.1
Translocations | |  1.1

Action                     |  1- 3 |  4- 6 || total
---------------------------+-------+-------++-------
  Melee: Dagger            |     5 |       ||     5
         Short sword       |    10 |     9 ||    19
   Cast: Magic Dart        |    77 |     7 ||    84
         Mephitic Cloud    |     1 |     1 ||     2
         Call Imp          |     1 |     1 ||     2
         Blink             |       |     1 ||     1
   Stab: Confused          |       |     1 ||     1
 Armour: Robe              |     9 |     9 ||    18
  Dodge: Dodged            |     7 |     3 ||    10

Table legend: (Time is in decaauts)
 A = Elapsed time spent in this place.
 B = Non-inter-level travel time spent in this place.
 C = Inter-level travel time spent in this place.
 D = Time resting spent in this place.
 E = Time spent auto-exploring this place.
 F = Levels seen in this place.
 G = Mean time per level.
                   A        B        C        D        E       F      G
               +--------+--------+--------+--------+--------+-----+--------+
         Total |   2007 |   1941 |     66 |     72 |   1614 |   3 |  669.0 |
       Dungeon |   2007 |   1941 |     66 |     72 |   1614 |   3 |  669.0 |
               +--------+--------+--------+--------+--------+-----+--------+

Top non-repeatable levels by time:
     D:1: 1160 daAuts
     D:2: 444 daAuts
     D:3: 402 daAuts
